 Dungeon Crawl Stone Soup version 0.29.1-15-g9cfb28693d (webtiles) character file.

Game seed: 9195830469964717696

1423 Peloso the Carver (level 8, -5/69 (70) HPs)
             Began as a Minotaur Fighter on Mar 5, 2023.
             Succumbed to a kobold brigand's curare-tipped dart
             ... on level 7 of the Dungeon.
             The game lasted 00:09:33 (6065 turns).

Peloso the Carver (Minotaur Fighter)                Turns: 6065, Time: 00:09:33

HP:   -5/69 (70)    AC: 18    Str: 27    XL:     8   Next: 44%
MP:   7/7           EV:  7    Int:  5    God:
Gold: 419           SH:  5    Dex: 12    Spells: 7/7 levels left

rFire   . . .      SeeInvis .   a - +0 long sword
rCold   . . .      Faith    .   d - +0 buckler
rNeg    . . .      Spirit   .   y - +0 plate armour
rPois   .          Reflect  .   (helmet restricted)
rElec   .          Harm     .   p - +0 cloak
rCorr   .          Rampage  .   (no gloves)
Will    .....                   (no boots)
Stlth   ..........              f - amulet of regeneration
HPRegen 1.01/turn               j - +4 ring of protection
MPRegen 0.10/turn               q - +6 ring of strength

@: lethally poisoned (-5 -> -46), slowed, lightly drained, very slow
A: horns 2, retaliatory headbutt
a: no special abilities


You were on level 7 of the Dungeon.
You visited 1 branch of the dungeon, and saw 7 of its levels.

You collected 589 gold pieces.
You spent 170 gold pieces at shops.

Inventory:

Hand Weapons
 a - a +0 long sword (weapon)
 c - a +0 dagger
Armour
 b - a +0 scale mail
 d - a +0 buckler (worn)
 i - a +0 chain mail
 p - a +0 cloak (worn)
 y - a +0 plate armour (worn)
Jewellery
 f - an amulet of regeneration (around neck)
 g - a ring of fire
 j - a +4 ring of protection (left hand)
 q - a +6 ring of strength (right hand)
 A - a ring of wizardry
Wands
 D - a wand of digging (1)
Scrolls
 e - a scroll of torment {unknown}
 k - a scroll of amnesia {unknown}
 m - a scroll of blinking {unknown}
 n - a scroll of vulnerability {unknown}
 o - 4 scrolls of teleportation
 r - a scroll of enchant armour {unknown}
 s - a scroll of poison {unknown}
 t - a scroll of fear {unknown}
 u - 4 scrolls of brand weapon {unknown}
 x - a scroll of magic mapping
 z - a scroll of noise
 B - 3 scrolls of identify
Potions
 h - 3 potions of might
 l - a potion of cancellation
 v - 2 potions of flight {unknown}
 w - a potion of invisibility {unknown}
 C - a potion of brilliance {unknown}


   Skills:
 + Level 5.8 Fighting
 + Level 9.1 Long Blades
 + Level 6.8 Armour
 + Level 1.3 Dodging
 + Level 0.9 Stealth
 + Level 5.7 Shields


You had 7 spell levels left.
You didn't know any spells.
Your spell library contained the following spells:

 Spells                   Type           Power      Damage    Failure   Level
 Scorch                   Fire           0%         2d5       100%        2
 Call Canine Familiar     Summ           0%         N/A       100%        3
 Gell's Gravitas          Tloc           0%         N/A       100%        3
 Lesser Beckoning         Tloc           0%         N/A       100%        3
 Portal Projectile        Hex/Tloc       0%         N/A       100%        3
 Teleport Other           Tloc           0%         N/A       100%        3
 Flame Wave               Conj/Fire      0%         2d4       100%        4
 Leda's Liquefaction      Hex/Erth       0%         N/A       100%        4
 Summon Cactus Giant      Summ           0%         N/A       100%        6


Dungeon Overview and Level Annotations

Branches:
Dungeon (7/15)             Temple (0/1) D:7

Altars:
Ashenzari
Gozag
Zin

Shops:
D:5 ?:(

Annotations:
D:5 2 runed translucent doors, vampirul's ghost, novice TrBe


Innate Abilities, Weirdness & Mutations

You have a pair of horns on your head.
You reflexively headbutt those who attack you in melee.


Message History

The kobold shouts!
You hear a shout!
The kobold throws a poisoned dart.
The poisoned dart hits you!
You are poisoned.
A kobold comes into view. It is wielding a +0 club.
The kobold brigand throws a curare-tipped dart.
The curare-tipped dart hits you.
You are more poisoned.
You have difficulty breathing.
You feel yourself slow down. 2 kobolds come into view.
You feel very sick.
The kobold shouts!
The kobold brigand throws a curare-tipped dart.
The curare-tipped dart hits you.
You are more poisoned.
You have difficulty breathing.
You feel as though you will be slow longer.
You feel extremely sick.
The kobold throws a stone.
The stone closely misses you.
The kobold brigand throws a curare-tipped dart.
The curare-tipped dart hits you.
You are more poisoned.
You have difficulty breathing.
You feel as though you will be slow longer.
You feel extremely sick.
The kobold throws a poisoned dart.
The poisoned dart hits you!
You are more poisoned.
You feel extremely sick.
The kobold brigand throws a curare-tipped dart.
The curare-tipped dart hits you.
You are lethally poisoned!
You have difficulty breathing.
* * * LOW HITPOINT WARNING * * *
You feel as though you will be slow longer.
The kobold brigand throws a curare-tipped dart.
The curare-tipped dart hits you.
You are more poisoned.
You have difficulty breathing.
* * * LOW HITPOINT WARNING * * *
You feel as though you will be slow longer.
You die... #...##.##.# .K. #.##.# KKK

#.##.# #K#
#.##.##### #.#
#.#......# #.#
#.##.###.## #.#
#..........)
###.###..#####.##)
#....@...#
#.......##
.....#.#####
####.#.# ....#
#..### #.. #.


There were no monsters in sight!

Vanquished Creatures
  2 black bears
  An orc warrior (D:6)
  An ogre (D:4)
  4 phantoms
  A necrophage (D:4)
  A scorpion (D:6)
  A howler monkey (D:4)
  A bullfrog zombie (D:4)
  2 hounds
  A jelly (D:5)
  3 orc priests (D:5)
  Crazy Yiuf (D:3)
  An iguana (D:4)
  3 orc wizards
  2 scorpion zombies (D:4)
  A hound zombie (D:4)
  A howler monkey skeleton (D:4)
  7 adders
  3 shadow imps
  An ufetubus (D:6)
  An adder zombie (D:4)
  An adder skeleton (D:4)
  2 worms (D:2)
  2 dart slugs
  19 orcs
  3 bats
  5 endoplasms
  7 giant cockroaches
  7 goblins
  4 hobgoblins
  2 kobolds
  2 quokkas
  8 ball pythons
  2 frilled lizards
  10 rats
113 creatures vanquished.

Vanquished Creatures (others)
  3 withered plants (D:4)
3 creatures vanquished.

Grand Total: 116 creatures vanquished

Notes
Turn   | Place    | Note
-------+----------+-------------------------------------------
     0 | D:1      | Peloso the Minotaur Fighter began the quest for the Orb.
     0 | D:1      | Reached XP level 1. HP: 19/19 MP: 0/0
   434 | D:1      | Reached XP level 2. HP: 26/27 MP: 1/1
  1011 | D:2      | Reached skill level 3 in Long Blades
  1091 | D:2      | Reached XP level 3. HP: 30/33 MP: 2/2
  2275 | D:3      | Found a runed translucent door.
  2276 | D:3      | Noticed Crazy Yiuf
  2310 | D:3      | Reached XP level 4. HP: 35/40 MP: 3/3
  2582 | D:3      | HP: 2/40 [Crazy Yiuf/+4 quarterstaff of chaos (12)]
  2584 | D:3      | Killed Crazy Yiuf
  2585 | D:3      | Reached skill level 4 in Long Blades
  2648 | D:4      | Noticed a phantom
  2658 | D:4      | Reached XP level 5. HP: 46/46 MP: 4/4
  2673 | D:4      | Killed a phantom
  2674 | D:4      | Reached skill level 5 in Long Blades
  2786 | D:4      | Reached XP level 6. HP: 49/53 MP: 5/5
  2938 | D:4      | Reached skill level 6 in Long Blades
  2938 | D:4      | Reached skill level 5 in Armour
  3173 | D:4      | Reached skill level 5 in Fighting
  3173 | D:4      | Reached skill level 5 in Shields
  3173 | D:4      | Reached XP level 7. HP: 61/61 MP: 6/6
  3208 | D:4      | Reached skill level 7 in Long Blades
  3841 | D:5      | Entered Level 5 of the Dungeon
  3973 | D:5      | Reached skill level 1 in Dodging
  4039 | D:5      | Found Ciunasel's Magic Scroll Shop.
  4047 | D:5      | Bought a scroll of magic mapping for 82 gold pieces
  4047 | D:5      | Bought a scroll of teleportation for 33 gold pieces
  4047 | D:5      | Bought a scroll of identify for 22 gold pieces
  4047 | D:5      | Bought a scroll of noise for 11 gold pieces
  4052 | D:5      | Bought a scroll of identify for 22 gold pieces
  4124 | D:5      | Found Pogam's Book Shoppe.
  4128 | D:5      | Found Wuhoqop's Antique Weapon Emporium.
  4152 | D:5      | Found a large runed translucent door.
  4152 | D:5      | Found a large runed translucent door.
  4157 | D:5      | Noticed vampirul's ghost (novice TrBe)
  4355 | D:5      | Reached skill level 8 in Long Blades
  4355 | D:5      | Reached XP level 8. HP: 69/69 MP: 7/7
  4897 | D:6      | Found a broken altar of Ashenzari.
  5180 | D:6      | Found a glowing silver altar of Zin.
  5386 | D:6      | Found an opulent altar of Gozag.
  5641 | D:5      | Reached skill level 9 in Long Blades
  5990 | D:7      | Found a staircase to the Ecumenical Temple.
  6065 | D:7      | Succumbed to a kobold brigand's curare-tipped dart

Illustrated notes

Levels and vault maps discovered:
D:1:      amcnicky_arrival_choice, layout_loops_cross, dk_noncrumbling_2,
          nrook_campfire
D:2:      layout_loops_corners, minmay_tromino_mix6
D:3:      layout_rooms, nrook_mini_vaults, minmay_strange_pillars,
          uniq_crazy_yiuf_cottage
D:4:      layout_layer_cave, serial_undead, serial_undead_d, serial_undead_a,
          serial_undead_b, serial_undead_e
D:5:      nicolae_cairo_tiling, layout_loops_ring, ebering_ghost_disaster_area,
          serial_shops, nicolae_stop_n_shop_2, shop, shop_coins
D:6:      layout_basic, pdpol_temple_overflow_zin_treasury_gozag_greed,
          lemuel_crystal_altar
D:7:      layout_loops_ring, minitemple, minmay_temple_entry_tees, uniq_duvessa

Skill      XL: |  1  2  3  4  5  6  7  8 |
---------------+-------------------------+-----
Fighting       | 4 5 |  5.8
Long Blades    | 3 4 5 6 8 9 |  9.1
Shields        | 4 5 |  5.7
Armour         | 4 5 6 |  6.8
Dodging        | 1 |  1.3
Stealth        | |  0.9

Action                   |  1- 3 |  4- 6 |  7- 9 || total
-------------------------+-------+-------+-------++-------
Melee: Long sword        |   107 |    93 |   155 ||   355
       Headbutt          |    10 |    24 |    33 ||    67
  Use: Potion            |     3 |       |       ||     3
       Scroll            |       |       |     2 ||     2
Armor: Scale mail        |    15 |       |       ||    15
       Chain mail        |    43 |    68 |    54 ||   165
       Plate armour      |       |       |    35 ||    35
Dodge: Dodged            |    43 |    36 |    52 ||   131
Block: Buckler           |    32 |    25 |    30 ||    87
